 Dungeon Crawl Stone Soup version 0.30.1-4-g462c640d31 (webtiles) character file.

Game seed: 4818193141589039559

30 H0rd4k the Charlatan (level 3, -2/23 HPs)
             Began as an Octopode Artificer on Sept 18, 2023.
             Slain by a gnoll
             ... wielding a +0 spear
              (8 damage)
             ... on level 2 of the Dungeon.
             The game lasted 00:00:46 (655 turns).

H0rd4k the Charlatan (Octopode Artificer)            Turns: 655, Time: 00:00:47

Health: -2/23      AC:  1    Str: 11    XL:     3   Next: 20%
Magic:  3/3        EV: 13    Int: 15    God:
Gold:   61         SH:  0    Dex: 12    Spells: 2/2 levels left

rFire   . . .        (no weapon)
rCold   . . .        (no shield)
rNeg    . . .        (helmet restricted)
rPois   .            (no amulet)
rElec   .            (no ring)
rCorr   .            (no ring)
SInv    .            (no ring)
Will    .....        (no ring)
Stlth   +++          (no ring)
HPRegen 0.23/turn    (no ring)
MPRegen 0.08/turn    (no ring)
                     (no ring)

%: no passive effects
@: no status effects
A: almost no armour, amphibious, 8 rings, camouflage 1, gelatinous body 1,
(nimble swimmer 1), tentacles
a: no special abilities


You were on level 2 of the Dungeon.
You visited 1 branch of the dungeon, and saw 2 of its levels.

You collected 61 gold pieces.

Inventory:

Wands
 b - a wand of flame (15) (quivered)
 c - a wand of charming (11)
 d - a wand of iceblast (5)
Scrolls
 a - a scroll of teleportation {unknown}
 g - a scroll of summoning {unknown}
Potions
 e - a potion of flight {unknown}
 f - 3 potions of curing {unknown}


   Skills:
 + Level 1.0 Fighting
 + Level 3.1 Dodging
 - Level 1.3 Stealth
 + Level 0.5 Unarmed Combat
 + Level 3.9 Evocations


You had 2 spell levels left.
You didn't know any spells.
Your spell library was empty.

Dungeon Overview and Level Annotations

Branches:
Dungeon (2/15)

Altars:


Innate Abilities, Weirdness & Mutations

You cannot wear most types of armour.
You are amphibious.
You can wear up to eight rings at the same time.
Your skin changes colour to match your surroundings (Stealth+).
Your rubbery body absorbs attacks. (AC +1, EV +1)
((You are camouflaged when in or above water. (Stealth+)))
You have tentacles for arms and can constrict up to eight enemies at once.


Message History

You tentacle-slap the gnoll. You squeeze the gnoll.
The gnoll is heavily wounded.
You constrict the gnoll, but do no damage.
A gnoll comes into view. It is wielding a +0 whip.
The gnoll barely misses you. The gnoll closely misses you.
Your gnoll hits the gnoll with a +0 spear.
The gnoll dies!
You have reached level 3!
Your experience leads to an increase in your attributes!
Increase (S)trength, (I)ntelligence, or (D)exterity?
Uppercase letters only, please.
You feel clever. x2
A frilled lizard comes into view.
The gnoll hits your gnoll with a +0 whip.
Your gnoll closely misses the gnoll.
The gnoll hits you from afar with a +0 spear!
* * * LOW HITPOINT WARNING * * *
Your gnoll closely misses the gnoll.
The gnoll closely misses your gnoll.
The gnoll hits your gnoll with a +0 whip!
Your gnoll dies!
Aiming: Charm
Press: ? - help, Shift-Dir - straight line, f - gnoll
Aim: a gnoll, wielding a +0 spear (chance to affect: 67%)
The gnoll struggles to resist.
The gnoll hits you from afar with a +0 spear.
* * * LOW HITPOINT WARNING * * *
A kobold comes into view. It is wielding a +0 club.
Aiming: Charm
Press: ? - help, Shift-Dir - straight line, f/p - gnoll
Aim: a gnoll, wielding a +0 spear (chance to affect: 67%)
The gnoll struggles to resist.
The kobold shouts!
The gnoll closely misses you.
Unknown command.
Aiming: Charm
Press: ? - help, Shift-Dir - straight line, f/p - gnoll
Aim: a gnoll, wielding a +0 spear (chance to affect: 67%)
The gnoll struggles to resist.
The gnoll hits you from afar with a +0 spear!
You die...

....................
#..#.##............
#.......>..........
#.....#(.##........
#.....#..†...#.....
##.....'..##..+.....
#......#..##..#.....
##..####..##..#.....
#.@# #..##..# ...
#..# #.......
#.g#####.##..##
#.g....... ...
##l#####.# .). .K...
#.....) #....)..


You could see 2 gnolls, a kobold and a frilled lizard.

Vanquished Creatures
  A dart slug (D:1)
  3 ball pythons (D:1)
  4 bats
  3 endoplasms (D:1)
  A goblin (D:1)
  2 kobolds (D:1)
  A quokka (D:1)
  A frilled lizard (D:1)
16 creatures vanquished.

Vanquished Creatures (collateral kills)
  A gnoll (D:2)
1 creature vanquished.

Vanquished Creatures (others)
  A gnoll (D:2)
1 creature vanquished.

Grand Total: 18 creatures vanquished

Notes
Turn   | Place    | Note
-------+----------+-------------------------------------------
     0 | D:1      | H0rd4k the Octopode Artificer began the quest for the Orb.
     0 | D:1      | Reached XP level 1. HP: 13/13 MP: 1/1
   218 | D:1      | Reached XP level 2. HP: 13/18 MP: 2/2
   649 | D:2      | Reached XP level 3. HP: 15/23 MP: 3/3
   655 | D:2      | Slain by a gnoll

Illustrated notes

Levels and vault maps discovered:
D:1:      ebering_trefoil_3fold, layout_rooms, roderic_serpentine_path,
          hangedman_decor_riveting
D:2:      minmay_wonky_spiral, layout_basic, serial_aquarium,
          aquarium_bridge_long_separate [aquarium_subvault_bridge,
          aquarium_subvault_bridge, aquarium_subvault_window,
          aquarium_subvault_window, aquarium_subvault_bridge,
          aquarium_subvault_wall], aquarium_window_2, aquarium_window_2,
          aquarium_view_2b, aquarium_view_2d, aquarium_pool_five,
          chequers_arboretum

Skill      XL: |  1  2 |
---------------+-------+-----
Dodging        | 3 |  3.1
Fighting       | |  1.0
Stealth        | |  1.3
Unarmed Combat | |  0.5
Evocations     | |  3.9

Action                     || total
---------------------------++-------
  Melee: Unarmed           ||    43
         Tentacles         ||    13
         Constrict         ||    12
         Punch             ||     2
  Evoke: Wand              ||     4
   Stab: Sleeping          ||     6
 Armour: Skin              ||     3
  Dodge: Dodged            ||    31
